cohdb
Replays
Latest Replays
All Replays
Popular Replays
Top Player Replays
Match Explorer
How It Works
Community
CoH3 Stats
Reddit
Sign in to upload your games and track your stats! →
Sign in with Steam
Match 40231952
Unlisted
Match 40231952
Overview
Messages
Build Orders
End
Construct Section Command Post
Royal Engineer Section
Infantry Section
Infantry Section
Selects Canadian Shock Battlegroup
Vickers Machine Gun Team
Construct Field Infirmary
Selects Attacking Spirit
Selects Canadian Shock Section
Canadian Shock Section
Construct Platoon Command Post
Canadian Shock Section
Construct Field Infirmary
Infantry Training
Grenade Package
Selects Incendiary Munitions
Construct Company Command Post
Matilda II Heavy Tank
Unlock M3 Grant Medium Tanks
DanielD
Monsieur Nathan
0
0
Comments
sign in to comment!
No comments posted yet!